[ PARTIDA AOE2 · #483697741 ]
Team RMBorgoñones vs Hindustanis
[ ANÁLISIS DE REPETICIÓN · EXTRAÍDO DE LA PARTIDA GRABADA ]
Feudal
12:25
Castillos
23:03
Imperial
39:27
| APM promedio | 12.4 |
| APM pico | 35 |
| eAPM promedio | 10.0 |
| Aldeanos / militares | 104 / 459 |
Foco
⚔️ 36.5% · 🌾 63.5%
Spearman ×235 · Militia ×145 · Knight ×48 · Coustillier ×21 · Trade Cart ×8 · Monk ×7
Feudal
10:23
Castillos
22:32
Imperial
34:39
| APM promedio | 21.4 |
| APM pico | 61 |
| eAPM promedio | 17.2 |
| Aldeanos / militares | 172 / 207 |
Foco
⚔️ 35.8% · 🌾 64.2%
Scout Cavalry ×83 · Hand Cannoneer ×65 · Camel Scout ×43 · Trebuchet (Packed) ×15 · Trade Cart ×2 · Monk ×1
Feudal
—
Castillos
—
Imperial
—
| APM promedio | 11.3 |
| APM pico | 25 |
| eAPM promedio | 9.0 |
| Aldeanos / militares | 103 / 230 |
Foco
⚔️ 32.8% · 🌾 67.2%
Spearman ×84 · Militia ×77 · Conquistador ×28 · Scout Cavalry ×21 · Trebuchet (Packed) ×7 · Battering Ram ×4
Feudal
12:52
Castillos
23:51
Imperial
36:53
| APM promedio | 26.5 |
| APM pico | 91 |
| eAPM promedio | 10.4 |
| Aldeanos / militares | 103 / 87 |
Foco
⚔️ 30.0% · 🌾 70.0%
Hand Cannoneer ×40 · Huskarl ×21 · Trade Cart ×12 · Bombard Cannon ×11 · Archer ×9 · Militia ×5
Mapa de la partida
Recursos al inicio + cada clic de construcción. Línea gruesa = muro · recuadro discontinuo = muro de casas detectado. 🟡 oro · ⚪ piedra · 🟢 bayas · 🔶 jabalí · ⭕ reliquia
Inputs por minuto
— Denisov - - greatmaetzchen
Build order — Denisov
Primeras 150 de 375 acciones detectadas
| 0:01 | Crear | Villager (Male) |
| 0:02 | Crear | Villager (Male) |
| 0:02 | Crear | Villager (Male) |
| 0:02 | Crear | Villager (Male) |
| 0:05 | Construir | House |
| 0:08 | Construir | House |
| 1:28 | Crear | Villager (Male) |
| 2:19 | Crear | Villager (Male) ×2 |
| 2:59 | Crear | Villager (Male) ×2 |
| 3:13 | Construir | Lumber Camp |
| 3:46 | Crear | Villager (Male) |
| 3:52 | Construir | House |
| 4:26 | Crear | Villager (Male) ×2 |
| 4:55 | Crear | Villager (Male) ×2 |
| 5:48 | Construir | Mill |
| 6:23 | Crear | Villager (Male) ×3 |
| 6:42 | Construir | House |
| 7:25 | Construir | Mining Camp |
| 7:31 | Crear | Villager (Male) |
| 8:26 | Crear | Villager (Male) ×5 |
| 8:41 | Investigar | Horse Collar |
| 9:06 | Investigar | Double-Bit Axe |
| 10:15 | Investigar | Feudal Age |
| 10:19 | Investigar | Horse Collar |
| 10:33 | Construir | Mining Camp |
| 10:45 | Investigar | Stone Mining |
| 11:27 | Crear | Villager (Male) ×2 |
| 12:25 | Edad | Edad Feudal |
| 12:28 | Investigar | Heavy Plow |
| 12:34 | Investigar | Bow Saw |
| 12:57 | Construir | House |
| 13:11 | Construir | Stone Wall |
| 13:20 | Construir | Building 490 |
| 13:33 | Investigar | Stone Shaft Mining |
| 13:46 | Construir | Farm |
| 13:47 | Construir | Farm |
| 13:49 | Construir | Farm |
| 13:50 | Construir | Farm |
| 13:52 | Construir | Farm |
| 13:54 | Construir | Farm |
| 13:55 | Construir | Farm |
| 13:57 | Construir | Farm |
| 13:57 | Construir | Farm |
| 13:57 | Construir | Farm |
| 13:58 | Construir | Farm |
| 13:58 | Construir | Farm |
| 13:59 | Construir | Farm |
| 13:59 | Construir | Farm |
| 13:59 | Construir | Farm |
| 14:00 | Construir | Farm |
| 14:00 | Construir | Farm |
| 14:01 | Construir | Farm |
| 14:01 | Construir | Farm |
| 14:01 | Construir | Farm |
| 14:01 | Construir | Farm |
| 14:08 | Crear | Villager (Male) |
| 14:53 | Crear | Villager (Male) ×3 |
| 15:08 | Construir | Farm |
| 15:11 | Construir | Farm |
| 15:12 | Construir | Farm |
| 15:13 | Construir | Farm |
| 15:13 | Construir | Farm |
| 15:13 | Construir | Farm |
| 15:14 | Construir | Farm |
| 15:51 | Construir | House |
| 15:55 | Construir | House |
| 16:27 | Construir | Farm |
| 16:28 | Construir | Farm |
| 16:29 | Construir | Farm |
| 16:29 | Construir | Farm |
| 16:30 | Construir | Farm |
| 16:30 | Construir | Farm |
| 16:31 | Construir | Farm |
| 16:31 | Construir | Farm |
| 16:31 | Construir | Farm |
| 16:53 | Crear | Villager (Male) ×5 |
| 17:16 | Construir | Blacksmith |
| 17:26 | Crear | Villager (Male) ×5 |
| 18:06 | Construir | Watch Tower |
| 19:07 | Crear | Villager (Male) |
| 19:24 | Construir | Market |
| 20:23 | Investigar | Castle Age |
| 20:31 | Construir | Barracks |
| 20:39 | Investigar | Forging |
| 21:06 | Investigar | Gold Mining |
| 21:28 | Investigar | Man-at-Arms (upgrade) |
| 21:29 | Crear | Militia ×5 |
| 21:30 | Crear | Militia ×2 |
| 21:45 | Construir | Stable |
| 22:51 | Construir | Barracks |
| 23:03 | Edad | Edad de los Castillos |
| 23:11 | Crear | Trade Cart |
| 23:11 | Crear | Trade Cart |
| 23:28 | Construir | Castle |
| 23:51 | Crear | Villager (Male) ×5 |
| 23:51 | Crear | Villager (Male) ×5 |
| 23:52 | Crear | Villager (Male) ×5 |
| 24:03 | Construir | House |
| 24:06 | Construir | House |
| 24:07 | Construir | House |
| 24:08 | Construir | House |
| 24:16 | Investigar | Gold Shaft Mining |
| 24:22 | Investigar | Crop Rotation |
| 24:52 | Crear | Knight |
| 25:10 | Construir | Town Center |
| 25:16 | Investigar | Two-Man Saw |
| 25:34 | Construir | Town Center |
| 25:51 | Crear | Villager (Male) ×2 |
| 26:29 | Crear | Militia |
| 26:29 | Crear | Militia |
| 26:37 | Construir | Mining Camp |
| 26:48 | Investigar | Wheelbarrow |
| 27:08 | Construir | Mining Camp |
| 27:26 | Crear | Villager (Male) ×5 |
| 27:37 | Investigar | Long Swordsman (upgrade) |
| 27:37 | Crear | Militia |
| 27:38 | Crear | Militia |
| 27:48 | Crear | Villager (Male) ×2 |
| 27:48 | Crear | Villager (Male) ×2 |
| 28:06 | Crear | Knight |
| 28:44 | Construir | Lumber Camp |
| 28:57 | Crear | Trade Cart ×3 |
| 29:25 | Construir | Barracks |
| 29:28 | Construir | Barracks |
| 29:29 | Construir | Barracks |
| 30:02 | Crear | Knight ×5 |
| 30:03 | Crear | Knight ×5 |
| 30:10 | Crear | Militia ×2 |
| 30:10 | Crear | Militia ×2 |
| 30:25 | Investigar | Pikeman (upgrade) |
| 30:25 | Crear | Spearman ×5 |
| 30:26 | Crear | Spearman ×5 |
| 30:53 | Construir | Farm |
| 30:53 | Construir | Farm |
| 30:54 | Construir | Farm |
| 30:54 | Construir | Farm |
| 30:54 | Construir | Farm |
| 30:54 | Construir | Farm |
| 30:55 | Construir | Farm |
| 30:55 | Construir | Farm |
| 30:55 | Construir | Farm |
| 30:56 | Construir | Farm |
| 30:56 | Construir | Farm |
| 30:56 | Construir | Farm |
| 30:58 | Construir | Farm |
| 30:58 | Construir | Farm |
| 30:58 | Construir | Farm |
| 30:59 | Construir | Farm |
| 30:59 | Construir | Farm |
| 31:00 | Construir | Farm |
Build order — greatmaetzchen
Primeras 150 de 524 acciones detectadas
| 0:01 | Crear | Villager (Male) |
| 0:01 | Crear | Villager (Male) |
| 0:03 | Construir | House |
| 0:04 | Construir | House |
| 0:06 | Crear | Villager (Male) |
| 0:07 | Crear | Villager (Male) |
| 0:07 | Crear | Villager (Male) |
| 1:19 | Crear | Villager (Male) |
| 1:42 | Crear | Villager (Male) |
| 2:09 | Crear | Villager (Male) |
| 2:14 | Construir | Lumber Camp |
| 2:22 | Crear | Villager (Male) |
| 2:53 | Crear | Villager (Male) |
| 3:00 | Construir | House |
| 3:37 | Crear | Villager (Male) |
| 4:00 | Crear | Villager (Male) |
| 4:17 | Crear | Villager (Male) |
| 4:28 | Construir | Mill |
| 5:18 | Crear | Villager (Male) |
| 5:19 | Crear | Villager (Male) |
| 5:27 | Crear | Villager (Male) |
| 5:27 | Crear | Villager (Male) |
| 6:01 | Crear | Villager (Male) |
| 6:09 | Construir | House |
| 6:12 | Crear | Villager (Male) |
| 6:29 | Crear | Villager (Male) |
| 7:01 | Investigar | Loom |
| 7:26 | Crear | Villager (Male) |
| 7:27 | Crear | Villager (Male) |
| 7:52 | Investigar | Feudal Age |
| 8:08 | Construir | Farm |
| 8:13 | Construir | House |
| 8:15 | Construir | House |
| 8:16 | Crear | Villager (Male) |
| 8:21 | Construir | Farm |
| 9:18 | Construir | Palisade Gate |
| 9:36 | Construir | Barracks |
| 9:43 | Construir | House |
| 9:51 | Crear | Villager (Male) |
| 10:23 | Edad | Edad Feudal |
| 10:56 | Construir | Stable |
| 11:01 | Construir | House |
| 11:03 | Crear | Villager (Male) |
| 11:16 | Construir | Farm |
| 11:20 | Construir | Farm |
| 11:24 | Crear | Villager (Male) |
| 11:34 | Investigar | Double-Bit Axe |
| 11:43 | Construir | Farm |
| 11:52 | Crear | Scout Cavalry |
| 11:54 | Crear | Scout Cavalry |
| 11:57 | Crear | Villager (Male) |
| 12:04 | Construir | Farm |
| 12:43 | Construir | Farm |
| 12:47 | Construir | Farm |
| 13:02 | Construir | House |
| 13:15 | Crear | Scout Cavalry |
| 13:17 | Crear | Scout Cavalry |
| 13:30 | Construir | Blacksmith |
| 13:32 | Construir | House |
| 13:36 | Crear | Villager (Male) |
| 13:39 | Crear | Villager (Male) |
| 13:46 | Construir | Farm |
| 13:53 | Construir | Farm |
| 13:59 | Investigar | Horse Collar |
| 14:00 | Crear | Villager (Male) |
| 14:02 | Crear | Scout Cavalry |
| 14:13 | Construir | Farm |
| 14:32 | Crear | Scout Cavalry |
| 14:34 | Investigar | Scale Barding Armor |
| 14:35 | Investigar | Forging |
| 14:45 | Crear | Villager (Male) |
| 14:45 | Crear | Villager (Male) |
| 14:56 | Construir | House |
| 15:01 | Construir | Mining Camp |
| 15:33 | Crear | Scout Cavalry |
| 15:34 | Crear | Scout Cavalry |
| 15:35 | Crear | Villager (Male) |
| 15:43 | Construir | Farm |
| 16:12 | Crear | Villager (Male) |
| 16:13 | Crear | Villager (Male) |
| 16:19 | Investigar | Gold Mining |
| 16:27 | Construir | Farm |
| 16:33 | Construir | Farm |
| 16:35 | Crear | Villager (Male) |
| 16:56 | Crear | Villager (Male) |
| 17:15 | Construir | Farm |
| 17:20 | Construir | Farm |
| 17:22 | Construir | Farm |
| 17:23 | Crear | Villager (Male) |
| 17:30 | Construir | Farm |
| 17:38 | Construir | Farm |
| 17:43 | Construir | Farm |
| 17:45 | Construir | Farm |
| 17:49 | Crear | Villager (Male) |
| 17:49 | Crear | Villager (Male) |
| 18:29 | Crear | Villager (Male) |
| 18:55 | Construir | Farm |
| 19:03 | Construir | Farm |
| 19:44 | Investigar | Bloodlines |
| 19:53 | Investigar | Castle Age |
| 19:55 | Investigar | Wheelbarrow |
| 20:10 | Crear | Villager (Male) |
| 20:27 | Construir | Farm |
| 20:36 | Construir | Farm |
| 20:39 | Crear | Villager (Male) |
| 20:46 | Crear | Scout Cavalry |
| 20:46 | Crear | Scout Cavalry |
| 21:02 | Crear | Villager (Male) |
| 21:23 | Crear | Scout Cavalry |
| 21:53 | Construir | Lumber Camp |
| 22:11 | Crear | Villager (Male) |
| 22:16 | Construir | Farm |
| 22:32 | Edad | Edad de los Castillos |
| 22:39 | Construir | Town Center |
| 22:53 | Construir | Town Center |
| 22:55 | Crear | Villager (Male) |
| 22:58 | Crear | Villager (Male) |
| 23:04 | Investigar | Chain Barding Armor |
| 23:06 | Investigar | Iron Casting |
| 23:11 | Crear | Villager (Male) |
| 23:39 | Crear | Villager (Male) |
| 23:56 | Crear | Villager (Male) |
| 24:04 | Crear | Villager (Male) |
| 24:04 | Crear | Villager (Male) |
| 24:04 | Crear | Villager (Male) |
| 24:05 | Crear | Villager (Male) |
| 24:06 | Crear | Villager (Male) |
| 24:11 | Investigar | Bow Saw |
| 24:13 | Investigar | Heavy Plow |
| 24:18 | Investigar | Light Cavalry (upgrade) |
| 24:31 | Construir | House |
| 24:39 | Crear | Villager (Male) |
| 24:45 | Construir | Mining Camp |
| 24:55 | Construir | House |
| 25:03 | Construir | House |
| 25:05 | Construir | House |
| 25:06 | Crear | Villager (Male) |
| 25:11 | Crear | Villager (Male) |
| 25:12 | Crear | Villager (Male) |
| 25:17 | Construir | Mining Camp |
| 25:20 | Crear | Villager (Male) |
| 25:21 | Crear | Villager (Male) |
| 25:21 | Crear | Villager (Male) |
| 25:29 | Investigar | Stone Mining |
| 25:32 | Investigar | Gold Shaft Mining |
| 25:37 | Crear | Villager (Male) |
| 25:38 | Crear | Villager (Male) |
| 25:38 | Crear | Villager (Male) |
| 25:38 | Crear | Villager (Male) |
| 25:43 | Construir | House |
Build order — GustavoSL82
Primeras 150 de 312 acciones detectadas
| 0:03 | Crear | Villager (Male) |
| 0:03 | Crear | Villager (Male) |
| 0:03 | Crear | Villager (Male) |
| 0:04 | Crear | Villager (Male) |
| 0:04 | Crear | Villager (Male) |
| 0:06 | Construir | House |
| 0:07 | Construir | House |
| 0:45 | Investigar | Loom |
| 1:34 | Crear | Villager (Male) |
| 1:34 | Crear | Villager (Male) |
| 2:04 | Construir | Palisade Wall |
| 2:10 | Construir | Palisade Gate |
| 2:14 | Crear | Villager (Male) |
| 2:14 | Crear | Villager (Male) |
| 2:42 | Crear | Villager (Male) |
| 2:42 | Crear | Villager (Male) |
| 3:01 | Crear | Villager (Male) |
| 3:02 | Crear | Villager (Male) |
| 3:21 | Crear | Villager (Male) |
| 3:21 | Crear | Villager (Male) |
| 3:49 | Construir | House |
| 3:52 | Construir | House |
| 3:57 | Construir | House |
| 4:01 | Crear | Villager (Male) |
| 4:01 | Crear | Villager (Male) |
| 4:24 | Crear | Villager (Male) |
| 4:24 | Crear | Villager (Male) |
| 4:51 | Crear | Villager (Male) |
| 4:51 | Crear | Villager (Male) |
| 5:17 | Construir | Mill |
| 5:24 | Crear | Villager (Male) |
| 5:25 | Crear | Villager (Male) |
| 5:34 | Crear | Villager (Male) |
| 5:35 | Crear | Villager (Male) |
| 6:22 | Crear | Villager (Male) |
| 6:22 | Crear | Villager (Male) |
| 6:22 | Crear | Villager (Male) |
| 6:35 | Crear | Villager (Male) |
| 6:35 | Crear | Villager (Male) |
| 6:52 | Construir | Lumber Camp |
| 7:08 | Crear | Villager (Male) |
| 7:08 | Crear | Villager (Male) |
| 7:09 | Crear | Villager (Male) |
| 8:03 | Crear | Villager (Male) |
| 8:05 | Crear | Villager (Male) |
| 9:09 | Construir | Mining Camp |
| 9:21 | Construir | Mining Camp |
| 9:37 | Investigar | Feudal Age |
| 10:39 | Construir | Barracks |
| 11:55 | Construir | Stone Wall |
| 11:59 | Construir | Building 487 |
| 12:04 | Crear | Spearman |
| 12:05 | Crear | Spearman |
| 12:05 | Crear | Spearman |
| 12:07 | Investigar | Wheelbarrow |
| 12:09 | Investigar | Double-Bit Axe |
| 12:33 | Investigar | Horse Collar |
| 12:42 | Investigar | Man-at-Arms (upgrade) |
| 12:43 | Crear | Militia |
| 12:44 | Crear | Militia |
| 12:44 | Crear | Militia |
| 12:53 | Construir | House |
| 12:55 | Construir | House |
| 13:13 | Crear | Villager (Male) |
| 13:24 | Crear | Villager (Male) |
| 13:24 | Crear | Villager (Male) |
| 13:53 | Construir | Farm |
| 14:10 | Construir | Lumber Camp |
| 14:15 | Construir | Farm |
| 14:19 | Crear | Villager (Male) |
| 14:19 | Crear | Villager (Male) |
| 14:20 | Crear | Villager (Male) |
| 14:20 | Crear | Villager (Male) |
| 14:20 | Crear | Villager (Male) |
| 14:42 | Construir | Watch Tower |
| 14:47 | Crear | Militia |
| 14:54 | Construir | Farm |
| 15:15 | Construir | Farm |
| 15:21 | Construir | Farm |
| 15:35 | Crear | Villager (Male) |
| 15:44 | Construir | Farm |
| 15:56 | Crear | Militia |
| 15:56 | Crear | Militia |
| 16:26 | Construir | Stable |
| 16:34 | Crear | Villager (Male) |
| 16:34 | Crear | Villager (Male) |
| 16:40 | Construir | Farm |
| 16:44 | Construir | Farm |
| 16:52 | Crear | Spearman |
| 16:53 | Crear | Militia |
| 16:58 | Construir | House |
| 17:05 | Construir | Farm |
| 17:20 | Construir | Watch Tower |
| 17:23 | Crear | Villager (Male) |
| 17:29 | Construir | Farm |
| 17:33 | Construir | Farm |
| 17:36 | Construir | Farm |
| 17:50 | Construir | Farm |
| 18:04 | Construir | House |
| 18:07 | Construir | House |
| 18:08 | Construir | House |
| 18:10 | Construir | House |
| 18:12 | Construir | House |
| 18:16 | Crear | Villager (Male) |
| 18:30 | Construir | Farm |
| 18:33 | Construir | Farm |
| 18:38 | Crear | Villager (Male) |
| 18:48 | Construir | House |
| 18:54 | Crear | Villager (Male) |
| 18:58 | Construir | Farm |
| 19:32 | Construir | Market |
| 19:47 | Construir | Farm |
| 20:22 | Construir | Blacksmith |
| 20:32 | Crear | Villager (Male) |
| 20:52 | Construir | Watch Tower |
| 20:57 | Crear | Militia |
| 21:00 | Crear | Scout Cavalry |
| 21:04 | Investigar | Castle Age |
| 21:21 | Crear | Trade Cart |
| 21:49 | Crear | Trade Cart |
| 22:04 | Investigar | Bloodlines |
| 22:08 | Crear | Militia |
| 22:09 | Crear | Spearman |
| 22:11 | Crear | Scout Cavalry |
| 22:32 | Construir | House |
| 22:33 | Construir | House |
| 22:35 | Construir | House |
| 22:38 | Construir | House |
| 22:39 | Construir | House |
| 23:21 | Crear | Militia |
| 23:23 | Crear | Scout Cavalry |
| 24:08 | Construir | Castle |
| 24:24 | Investigar | Bow Saw |
| 24:37 | Investigar | Hand Cart |
| 25:08 | Construir | Town Center |
| 25:16 | Construir | University |
| 25:27 | Investigar | Pikeman (upgrade) |
| 25:31 | Investigar | Husbandry |
| 25:32 | Investigar | Light Cavalry (upgrade) |
| 25:45 | Crear | Villager (Male) |
| 25:45 | Crear | Villager (Male) |
| 25:57 | Investigar | Heavy Plow |
| 26:07 | Crear | Villager (Male) |
| 26:07 | Crear | Villager (Male) |
| 26:07 | Crear | Villager (Male) |
| 26:32 | Crear | Villager (Male) |
| 26:33 | Crear | Villager (Male) |
| 26:33 | Crear | Villager (Male) |
| 26:40 | Construir | Farm |
| 26:50 | Crear | Conquistador |
Build order — Käpt'n Laminiergerät
Primeras 150 de 322 acciones detectadas
| 0:03 | Construir | House |
| 0:04 | Construir | House |
| 0:30 | Crear | Villager (Male) |
| 0:30 | Crear | Villager (Male) |
| 0:30 | Crear | Villager (Male) |
| 0:30 | Crear | Villager (Male) |
| 0:30 | Crear | Villager (Male) |
| 0:31 | Investigar | Loom |
| 3:10 | Crear | Villager (Male) |
| 3:10 | Crear | Villager (Male) |
| 3:10 | Crear | Villager (Male) |
| 3:10 | Crear | Villager (Male) |
| 3:11 | Crear | Villager (Male) |
| 3:44 | Construir | Lumber Camp |
| 4:00 | Crear | Villager (Male) |
| 4:00 | Crear | Villager (Male) |
| 4:01 | Crear | Villager (Male) |
| 5:00 | Crear | Villager (Male) |
| 5:00 | Crear | Villager (Male) |
| 5:00 | Crear | Villager (Male) |
| 5:04 | Crear | Villager (Male) |
| 5:04 | Crear | Villager (Male) |
| 5:52 | Construir | House |
| 5:54 | Construir | House |
| 7:01 | Construir | Barracks |
| 7:11 | Construir | Building 796 |
| 7:22 | Construir | House |
| 8:01 | Construir | Mill |
| 8:09 | Crear | Villager (Male) |
| 8:10 | Crear | Villager (Male) |
| 8:10 | Crear | Villager (Male) |
| 8:12 | Crear | Villager (Male) |
| 8:43 | Construir | House |
| 8:44 | Construir | House |
| 8:45 | Construir | House |
| 10:42 | Investigar | Feudal Age |
| 10:54 | Crear | Villager (Male) |
| 10:54 | Crear | Villager (Male) |
| 10:54 | Crear | Villager (Male) |
| 10:55 | Crear | Villager (Male) |
| 11:03 | Construir | Palisade Wall |
| 11:14 | Crear | Militia |
| 11:14 | Crear | Militia |
| 11:14 | Crear | Militia |
| 11:31 | Construir | Mining Camp |
| 11:40 | Construir | Palisade Wall |
| 11:47 | Construir | Palisade Wall |
| 12:52 | Edad | Edad Feudal |
| 13:08 | Construir | Barracks |
| 13:15 | Construir | Archery Range |
| 13:42 | Construir | Mining Camp |
| 13:48 | Construir | Farm |
| 13:51 | Construir | Farm |
| 14:01 | Investigar | Man-at-Arms (upgrade) |
| 14:32 | Crear | Militia |
| 14:32 | Crear | Militia |
| 14:40 | Crear | Villager (Male) |
| 14:40 | Crear | Villager (Male) |
| 14:41 | Crear | Villager (Male) |
| 15:06 | Construir | Blacksmith |
| 15:31 | Construir | Mill |
| 16:32 | Crear | Archer |
| 16:33 | Crear | Archer |
| 16:33 | Crear | Archer |
| 16:33 | Crear | Archer |
| 16:33 | Crear | Archer |
| 16:43 | Investigar | Scale Mail Armor |
| 16:45 | Investigar | Forging |
| 16:50 | Crear | Villager (Male) |
| 16:51 | Crear | Villager (Male) |
| 16:51 | Crear | Villager (Male) |
| 16:55 | Construir | Farm |
| 17:04 | Construir | Farm |
| 17:18 | Investigar | Fletching |
| 18:14 | Investigar | Horse Collar |
| 18:18 | Investigar | Double-Bit Axe |
| 18:27 | Construir | Farm |
| 18:28 | Construir | Farm |
| 18:34 | Crear | Villager (Male) |
| 18:35 | Crear | Villager (Male) |
| 19:10 | Construir | Farm |
| 19:12 | Construir | Farm |
| 19:33 | Construir | House |
| 19:34 | Construir | House |
| 19:35 | Construir | House |
| 19:37 | Construir | House |
| 20:20 | Crear | Villager (Male) |
| 20:32 | Construir | Farm |
| 20:41 | Construir | House |
| 21:11 | Investigar | Castle Age |
| 21:24 | Construir | Market |
| 22:24 | Crear | Archer |
| 22:24 | Crear | Archer |
| 22:24 | Crear | Archer |
| 22:24 | Crear | Archer |
| 23:24 | Crear | Villager (Male) |
| 23:24 | Crear | Villager (Male) |
| 23:25 | Crear | Villager (Male) |
| 23:28 | Investigar | Wheelbarrow |
| 23:51 | Edad | Edad de los Castillos |
| 23:55 | Construir | Castle |
| 24:02 | Investigar | Squires |
| 24:08 | Investigar | Chain Mail Armor |
| 24:15 | Investigar | Bodkin Arrow |
| 24:48 | Construir | Town Center |
| 24:57 | Investigar | Crossbowman (upgrade) |
| 25:09 | Crear | Villager (Male) |
| 25:09 | Crear | Villager (Male) |
| 25:09 | Crear | Villager (Male) |
| 25:20 | Construir | Farm |
| 25:41 | Construir | Mining Camp |
| 25:45 | Crear | Huskarl |
| 25:45 | Crear | Huskarl |
| 25:45 | Crear | Huskarl |
| 26:17 | Construir | Farm |
| 26:25 | Construir | Farm |
| 26:26 | Construir | Farm |
| 26:29 | Construir | Farm |
| 27:03 | Crear | Huskarl |
| 27:03 | Crear | Huskarl |
| 27:04 | Crear | Huskarl |
| 27:04 | Crear | Huskarl |
| 27:04 | Crear | Huskarl |
| 27:04 | Crear | Huskarl |
| 27:04 | Crear | Huskarl |
| 27:41 | Crear | Villager (Male) |
| 27:41 | Crear | Villager (Male) |
| 27:41 | Crear | Villager (Male) |
| 28:03 | Construir | Town Center |
| 28:32 | Crear | Villager (Male) |
| 28:32 | Crear | Villager (Male) |
| 29:04 | Crear | Huskarl |
| 29:04 | Crear | Huskarl |
| 29:05 | Crear | Huskarl |
| 29:05 | Crear | Huskarl |
| 29:05 | Crear | Huskarl |
| 29:05 | Crear | Huskarl |
| 29:05 | Crear | Huskarl |
| 29:37 | Construir | Siege Workshop |
| 29:45 | Crear | Villager (Male) |
| 29:45 | Crear | Villager (Male) |
| 29:46 | Crear | Villager (Male) |
| 29:53 | Crear | Villager (Male) |
| 29:53 | Crear | Villager (Male) |
| 30:01 | Construir | Farm |
| 30:07 | Construir | Farm |
| 30:28 | Crear | Huskarl |
| 30:28 | Crear | Huskarl |
| 30:28 | Crear | Huskarl |
| 30:28 | Crear | Huskarl |
Cronología de la partida
| 2:04 | GustavoSL82 · wall_segment Palisade Wall x19 |
| 7:01 | Käpt'n Laminiergerät · first_building Barracks |
| 9:36 | greatmaetzchen · first_building Barracks |
| 10:23 | greatmaetzchen · age_up feudal |
| 10:39 | GustavoSL82 · first_building Barracks |
| 10:56 | greatmaetzchen · first_building Stable |
| 11:03 | Käpt'n Laminiergerät · wall_segment Palisade Wall x3 |
| 11:40 | Käpt'n Laminiergerät · wall_segment Palisade Wall x4 |
| 11:47 | Käpt'n Laminiergerät · wall_segment Palisade Wall x6 |
| 11:55 | GustavoSL82 · wall_segment Stone Wall x16 |
| 12:25 | Denisov · age_up feudal |
| 12:52 | Käpt'n Laminiergerät · age_up feudal |
| 13:11 | Denisov · wall_segment Stone Wall x17 |
| 13:15 | Käpt'n Laminiergerät · first_building Archery Range |
| 16:26 | GustavoSL82 · first_building Stable |
| 20:31 | Denisov · first_building Barracks |
| 21:45 | Denisov · first_building Stable |
| 22:32 | greatmaetzchen · age_up castle |
| 23:03 | Denisov · age_up castle |
| 23:28 | Denisov · first_building Castle |
| 23:51 | Käpt'n Laminiergerät · age_up castle |
| 23:54 | GustavoSL82 · first_market_sell 100 food |
| 23:55 | Käpt'n Laminiergerät · first_building Castle |
| 24:01 | GustavoSL82 · first_market_buy 100 stone |
| 24:08 | GustavoSL82 · first_building Castle |
| 27:15 | GustavoSL82 · first_building Siege Workshop |
| 28:02 | greatmaetzchen · first_building Monastery |
| 29:32 | greatmaetzchen · first_building Castle |
| 29:37 | Käpt'n Laminiergerät · first_building Siege Workshop |
| 34:25 | Denisov · first_building Monastery |
| 34:39 | greatmaetzchen · age_up imperial |
| 36:15 | Käpt'n Laminiergerät · first_market_buy 100 wood |
| 36:53 | Käpt'n Laminiergerät · age_up imperial |
| 39:27 | Denisov · age_up imperial |
| 43:02 | greatmaetzchen · first_building Archery Range |
| 50:32 | GustavoSL82 · resign |
| 52:54 | Käpt'n Laminiergerät · first_market_sell 100 food |
[ ANÁLISIS IA · 1 CRÉDITO ]
¿Qué pasó realmente en esta partida?
Wolo.gg analiza cada decisión: build order, eco, micro, errores típicos por bracket. Análisis personalizado por WhatsApp o Discord en 30 segundos.
Guía civ
Borgoñones
Guía mapa
Glade
Perfil
Denisov